 Dungeon Crawl Stone Soup version 0.31-a0-836-g3ceb0a68c4 (webtiles) character file.

Game seed: 15469109836338930506

814 shwobble the Cudgeller (level 7, -2/59 HPs)
             Began as a Ghoul Gladiator on Sept 27, 2023.
             Was a Follower of Wu Jian.
             Slain by a wyvern (12 damage)
             ... on level 4 of the Dungeon.
             The game lasted 00:20:10 (3064 turns).

shwobble the Cudgeller (Ghoul Gladiator)            Turns: 3064, Time: 00:20:19

Health: -2/59      AC: 16    Str: 24    XL:     7   Next: 93%
Magic:  6/6        EV:  9    Int:  3    God:    Wu Jian [*.....]
Gold:   207        SH:  0    Dex: 10    Spells: 6/6 levels left

rFire   . . .        g - +2 mace (protect)
rCold   + . .        (no shield)
rNeg    + + +        t - +0 chain mail of Lifelessness {Will- Str+4}
rPois   ∞            b - +1 helmet
rElec   .            (no cloak)
rCorr   .            q - +0 pair of gloves
SInv    .            (no boots)
Will    .....        (no amulet) Stlth
                     p - ring of flight
HPRegen 0.00/turn    u - +4 ring of protection
MPRegen 0.10/turn

%: no passive effects
@: flying, inhibited regen
A: claws 1, cold resistance 1, negative energy resistance 3, inhibited
regeneration, torment resistance 2, devour on kill
a: Renounce Religion


You were on level 4 of the Dungeon.
You worshipped Wu Jian.
Wu Jian was aware of your devotion.
You visited 1 branch of the dungeon, and saw 4 of its levels.

You collected 207 gold pieces.

Inventory:

Hand Weapons
 g - a +2 mace of protection (weapon)
Missiles
 c - 3 throwing nets (quivered)
 d - a javelin
Armour
 a - a +0 leather armour
 b - a +1 helmet (worn)
 e - a +0 hat
 i - a +0 helmet
 k - a +0 plate armour
 l - a +0 ring mail
 q - a +0 pair of gloves (worn)
 t - the +0 chain mail of Lifelessness (worn) {Will- Str+4}
   (You found it on level 2 of the Dungeon)

   Str+4:     It affects your strength (+4).
   Will-:     It decreases your willpower.
 v - an orb of guile
 x - a +0 pair of boots
Magical Staves
 h - a staff of cold
Jewellery
 p - a ring of flight (left hand)
 u - a +4 ring of protection (right hand)
Wands
 s - a wand of roots (12)
 w - a wand of polymorph (3)
Scrolls
 f - 2 scrolls of enchant armour
 m - a scroll of immolation {unknown}
 o - 3 scrolls of identify
Potions
 j - a potion of degeneration
 n - a potion of curing
 r - a potion of might


   Skills:
 + Level 4.2 Fighting
 + Level 4.7 Maces & Flails
 + Level 2.0 Throwing
 + Level 3.6 Armour
 + Level 3.9 Dodging
 + Level 3.7 Unarmed Combat


You had 6 spell levels left.
You didn't know any spells.
Your spell library contained the following spells:

 Spells                   Type           Power      Damage    Failure   Level
 Lesser Beckoning         Tloc           0%         N/A       99%         2
 Frozen Ramparts          Ice            0%         1d1       100%        3
 Gell's Gravitas          Tloc           0%         N/A       100%        3
 Teleport Other           Tloc           0%         N/A       100%        3
 Petrify                  Tmut/Erth      0%         N/A       100%        4
 Metabolic Englaciation   Hex/Ice        0%         N/A       100%        5
 Summon Hydra             Summ           0%         N/A       100%        7
 Sublimation of Blood     Necr           Unusable   N/A       N/A         2
 Wereblood                Tmut           Unusable   N/A       N/A         2

Dungeon Overview and Level Annotations

Branches:
Dungeon (4/15)
 Temple: D:4-7

Altars:
Wu Jian


Innate Abilities, Weirdness & Mutations

You are immune to poison.
You have sharp fingernails.
Your flesh is cold resistant. (rC+)
You are immune to negative energy. (rN+++)
You do not regenerate when monsters are visible.
You are immune to unholy pain and torment.
You thrive by killing the living.


Message History

The wyvern bites you but does no damage.
You hit the wyvern but do no damage.
The wyvern is moderately wounded.
The wyvern closely misses you.
You hit the wyvern.
The wyvern is moderately wounded.
The wyvern bites you but does no damage.
The wyvern bites you.
You hit the wyvern but do no damage.
The wyvern is moderately wounded.
The wyvern bites you! The wyvern bites you.
You barely miss the wyvern.
The wyvern is moderately wounded.
The wyvern bites you.
You completely miss the wyvern.
The wyvern is moderately wounded.
The wyvern bites you!
* * * LOW HITPOINT WARNING * * *
The wyvern closely misses you.
You closely miss the wyvern.
The wyvern is moderately wounded.
The wyvern bites you but does no damage.
The wyvern barely misses you.
The wyvern bites you but does no damage.
The wyvern bites you.
* * * LOW HITPOINT WARNING * * *
You completely miss the wyvern.
The wyvern is moderately wounded.
The wyvern bites you but does no damage.
You barely miss the wyvern.
The wyvern is moderately wounded.
The wyvern closely misses you.
The wyvern bites you but does no damage.
The wyvern attacks as it pursues you!
The wyvern bites you but does no damage.
The orc wizard casts a spell.
The orc wizard flickers and vanishes!
Deactivating autopickup; reactivate with Ctrl-A.
The wyvern bites you!
You die...

#..# #.#..#...# #.
#..####.#.....## #.
#.....#.#..#..# #.
##.##.#....#..# #.
#.##........####### #.
#.##....###.#...... #.
#.##........)!..... ..
#.##.....J.{#...... ..#.
#.##....@##.####### #..#.
#........lg..# ...#.
####.....###.# .#.#. #..#.#)..#
#.## ##..... #..###...###..#
#...... #..# #...#....##
##....#.
#######..###...#.##..#+#.†# #.
#.>............#. #......## ##
##.####..###...#....#.##.......


You could see a wyvern, an endoplasm and a goblin.

Vanquished Creatures
  A water moccasin (D:4)
  The ghost of beavisfan the Scratcher, an amateur FeCK of Xom (D:4)
  A black bear (D:4)
  An ogre (D:4)
  A phantom (D:4)
  A scorpion (D:4)
  A jelly (D:2)
  An orc priest (D:4)
  Natasha (thrice) (D:4)
  2 iguanas (D:4)
  4 adders
  A worm (D:4)
  3 dart slugs
  9 orcs (D:4)
  3 ball pythons
  6 endoplasms
  2 giant cockroaches (D:2)
  4 goblins
  4 hobgoblins
  3 jackals
  11 kobolds
  2 quokkas (D:4)
  4 bats
  3 frilled lizards (D:1)
  6 rats
78 creatures vanquished.

Notes
Turn   | Place    | Note
-------+----------+-------------------------------------------
     0 | D:1      | shwobble the Ghoul Gladiator began the quest for the Orb.
     0 | D:1      | Reached XP level 1. HP: 17/17 MP: 0/0
   125 | D:1      | Reached XP level 2. HP: 24/24 MP: 1/1
   471 | D:2      | Reached XP level 3. HP: 19/29 MP: 2/2
   500 | D:2      | Found an ornate altar of the Wu Jian Council.
   526 | D:2      | Became a worshipper of the Wu Jian Council
   692 | D:2      | Reached skill level 1 in Armour
   706 | D:2      | Found a faded altar of an unknown god.
   786 | D:2      | Reached XP level 4. HP: 35/37 MP: 3/3
   806 | D:2      | Reached skill level 1 in Maces & Flails
   821 | D:2      | Identified the +0 chain mail of Lifelessness {Will- Str+4}
  2010 | D:4      | Reached XP level 5. HP: 43/44 MP: 4/4
  2172 | D:4      | Found a runed translucent gate.
  2173 | D:4      | Found a runed translucent gate.
  2173 | D:4      | Noticed beavisfan's ghost (amateur FeCK)
  2174 | D:4      | Found a runed translucent gate.
  2174 | D:4      | Identified the +5 hand axe of Ointment {heavy, rF+ rC++
                  | Str-4}
  2174 | D:4      | Identified the +1 ring mail of the Elven Halls {Harm rCorr
                  | Stlth+}
  2213 | D:4      | Killed beavisfan's ghost
  2214 | D:4      | Reached XP level 6. HP: 50/51 MP: 5/5
  2227 | D:4      | Reached * piety under Wu Jian
  2366 | D:4      | Noticed Natasha
  2370 | D:4      | Killed Natasha
  2390 | D:4      | Noticed a water moccasin
  2416 | D:4      | Killed a water moccasin
  2417 | D:4      | Reached XP level 7. HP: 36/57 MP: 6/6
  2602 | D:4      | Noticed Natasha
  2611 | D:4      | Killed Natasha
  2667 | D:4      | Noticed Natasha
  2677 | D:4      | Killed Natasha
  3043 | D:4      | Noticed a wyvern
  3064 | D:4      | Slain by a wyvern

Illustrated notes

Levels and vault maps discovered:
D:1:      doesnt_arrival_eight_statues, layout_basic, serial_glass,
          glass_columns_a, glass_columns_a, minmay_strange_pillars
D:2:      minmay_inner_zag, layout_rooms, basic_altar,
          chequers_ecumenical_altar_simple_redux, minivault_4
D:3:      layout_basic, nicolae_tso_carved_into_rock, kennysheep_generic_room_5
D:4:      layout_basic, biasface_ghost_orc_armoury, minmay_divided_ellipse,
          uniq_natasha

Skill      XL: |  1  2  3  4  5  6  7 |
---------------+----------------------+-----
Throwing       | 2 |  2.0
Dodging        | 3 |  3.9
Armour         | 1 2 3 |  3.6
Maces & Flails | 1 2 3 4 |  4.7
Fighting       | 3 4 |  4.2
Unarmed Combat | |  3.7

Action                     |  1- 3 |  4- 6 |  7- 9 || total
---------------------------+-------+-------+-------++-------
  Melee: Unarmed           |    20 |       |       ||    20
         Mace              |    86 |    99 |    87 ||   272
         Punch             |     3 |     4 |     1 ||     8
Ability: Lunge             |     1 |     6 |     2 ||     9
         Whirlwind         |       |     2 |       ||     2
    Use: Scroll            |       |     3 |       ||     3
         Potion            |       |     3 |       ||     3
 Armour: Leather armour    |    70 |       |       ||    70
         Ring mail         |    10 |       |       ||    10
         Chain mail        |       |   101 |   103 ||   204
  Dodge: Dodged            |   103 |    62 |    57 ||   222

Table legend: (Time is in decaauts)
 A = Elapsed time spent in this place.
 B = Non-inter-level travel time spent in this place.
 C = Inter-level travel time spent in this place.
 D = Time resting spent in this place.
 E = Time spent auto-exploring this place.
 F = Levels seen in this place.
 G = Mean time per level.
                   A        B        C        D        E       F      G
               +--------+--------+--------+--------+--------+-----+--------+
         Total |   3154 |   2370 |    784 |      0 |   1537 |   4 |  788.5 |
       Dungeon |   3154 |   2370 |    784 |      0 |   1537 |   4 |  788.5 |
               +--------+--------+--------+--------+--------+-----+--------+

Top non-repeatable levels by time:
     D:4: 1148 daAuts
     D:3: 919 daAuts
     D:2: 620 daAuts
     D:1: 465 daAuts
